AoeStats
← iKill

Lombardia

507303559Analyzed
2v2 RM · 15d ago on Sep 17, 2026· 58m 24s· 4 players
Game mode
Random Map
Map size
Medium (4 player)
Population
200
Speed
Normal
Resources
Standard
Victory
Conquest
Starting age
Dark Age
Ending age
Imperial Age
RankedLock teamsTeams togetherTeam positionsShared explorationLock speedFull tech treeHidden civsTurbo modeCheats
Victory
Defeat
🇨🇴 Vietnamese · Colombia
732
+10
🇩🇪 Romans · Germany
697
+11
🇧🇷 Huns · Brazil
608
-11
🇵🇹 Britons · Portugal
581
-10
King Kong
7:33 Loom
10:18 Feudal Age
10:50 Town Watch
12:28 Double-Bit Axe
12:34 Horse Collar
16:51 Man-at-Arms
23:50 Castle Age
24:05 Long Swordsman
24:46 Squires
25:25 Bow Saw
27:46 Town Patrol
29:04 Gold Mining
29:05 Stone Mining
29:17 Stone Mining
29:51 Heavy Plow
34:27 Fortified Wall
35:57 Ballistas
35:58 Caravan
40:00 Imperial Age
38:18 Wheelbarrow
39:29 Fletching
39:49 Forging
39:40 Scale Mail Armor
40:05 Legionary
41:21 Conscription
40:38 Capped Ram
42:45 Iron Casting
42:25 Chain Mail Armor
42:09 Bodkin Arrow
42:56 Heavy Scorpion
44:39 Siege Ram
46:51 Blast Furnace
46:06 Chain Mail Armor
50:45 Padded Archer Armor
50:51 Scale Barding Armor
51:49 Chemistry
50:45 Murder Holes
51:00 Masonry
50:56 Siege Engineers
51:57 Elite Centurion
Mathias1493
14:10 Feudal Age
16:17 Wheelbarrow
15:40 Horse Collar
15:48 Double-Bit Axe
17:46 Gold Mining
25:04 Stone Mining
27:54 Castle Age
26:06 Fletching
26:17 Padded Archer Armor
26:27 Forging
26:18 Scale Mail Armor
26:26 Scale Barding Armor
29:30 Stone Shaft Mining
28:19 Pikeman
28:23 Elite Skirmisher
29:23 Bodkin Arrow
30:29 Hand Cart
30:53 Heavy Plow
31:06 Bow Saw
37:21 Iron Casting
37:03 Leather Archer Armor
37:32 Treadmill Crane
42:14 Imperial Age
42:16 Thumb Ring
42:22 Chatras
42:25 Imperial Skirmisher
42:33 Halberdier
44:01 Paper Money
44:56 Bracer
45:28 Ring Archer Armor
45:18 Caravan
47:47 Chemistry
47:38 Chain Mail Armor
47:44 Fortified Wall
50:32 Plate Mail Armor
50:23 Chain Barding Armor
57:29 Elite Rattan Archer
Toerz
10:28 Feudal Age
11:06 Double-Bit Axe
11:05 Horse Collar
15:49 Loom
19:02 Castle Age
17:14 Stone Mining
20:02 Bow Saw
19:54 Heavy Plow
20:46 Wheelbarrow
24:40 Gold Mining
25:41 Wheelbarrow
25:41 Crossbowman
29:08 Hand Cart
29:58 Fletching
30:09 Padded Archer Armor
31:56 Treadmill Crane
36:41 Imperial Age
34:25 Fervor
34:11 Herbal Medicine
34:17 Bodkin Arrow
34:37 Leather Archer Armor
35:48 Ballistics
34:53 Pikeman
35:34 Squires
35:56 Forging
35:46 Scale Mail Armor
36:55 Halberdier
38:06 Yeomen
40:01 Gold Shaft Mining
38:57 Elite Longbowman
41:18 Chemistry
43:28 Town Watch
43:05 Onager
45:34 Two-Man Saw
45:21 Warwolf
44:47 Halberdier
46:07 Masonry
48:29 Architecture
47:38 Arbalester
55:40 Town Patrol
57:00 Sanctity
56:40 Devotion
57:06 Illumination
56:57 Block Printing
iKill
9:27 Feudal Age
10:22 Double-Bit Axe
12:06 Wheelbarrow
11:13 Horse Collar
17:17 Gold Mining
22:14 Castle Age
20:35 Fletching
20:50 Scale Barding Armor
21:06 Stone Mining
21:48 Forging
23:27 Bow Saw
26:18 Hand Cart
26:07 Heavy Plow
26:38 Chain Barding Armor
26:14 Bodkin Arrow
26:19 Padded Archer Armor
26:38 Bloodlines
33:20 Imperial Age
31:05 Husbandry
32:51 Gold Shaft Mining
35:48 Light Cavalry
35:52 Heavy Cavalry Archer
36:38 Thumb Ring
36:59 Parthian Tactics
37:32 Hussar
38:33 Bracer
39:09 Plate Barding Armor
38:50 Leather Archer Armor
39:11 Iron Casting
40:00 Two-Man Saw
44:41 Ballistics
45:22 Chemistry
44:55 Town Watch
Connection lost

Rejoining the realm…

Still unreachable

The connection could not be restored.

Session expired

The server has moved on; the page needs a fresh start.